 Dungeon Sprint DCSS version 0.18.1-48-g4cf74bf (webtiles) character file.

625 Neosonic97 the Nimble (level 7, -2/69 HPs)
             Began as a Purple Draconian Transmuter on Sept 9, 2016.
             Was an Initiate of Cheibriados.
             Slain by Sonja
             ... wielding a +0 dagger of distortion
              (21 damage)
             ... in the Dungeon (Sprint I: "Red Sonja").
             The game lasted 00:01:51 (1033 turns).

Neosonic97 the Nimble (Purple Draconian Transmuter) Turns: 1033, Time: 00:01:53

Health: -2/69      AC:  2    Str: 15    XL:     7   Next: 23%
Magic:  4/10       EV: 29    Int: 15    God:    Cheibriados [......]
Gold:   297        SH:  0    Dex: 17    Spells: 2 memorised, 6 levels left

rFire  . . .     SeeInvis .       - Unarmed
rCold  . . .     Gourm    .     (armour unavailable)
rNeg   . . .     Faith    .     (shield currently unavailable)
rPois  x         Spirit   .     (helmet currently unavailable)
rElec  .         Dismiss  .     (cloak currently unavailable)
rCorr  .         Reflect  .     (gloves currently unavailable)
SustAt .         Harm     .     (boots currently unavailable)
MR     +....     NoTele   +     (no amulet)
Stlth  ++........               (no ring)
                                (no ring)

@: spider-form, very slow, somewhat resistant to hostile enchantments,
unstealthy
A: (breathe power), unfitting armour, (cold-blooded), AC +6
a: End Transformation, Bend Time, Renounce Religion


You were in the Dungeon.
You worshipped Cheibriados.
Cheibriados was noncommittal.
You were very hungry.
You were a venomous arachnid creature.
You visited 1 branch You collected 297 gold pieces.

Inventory:

Missiles
 a - 12 arrows
Wands
 j - a wand of random effects (15/48)
Scrolls
 i - a scroll of blinking
Potions
 f - a potion of haste
 g - 2 potions of magic
 h - a potion of berserk rage
 l - a potion of flight {unknown}
Books
 b - a book of Changes

   Spells                             Type                      Level
   a - Beastly Appendage              Transmutation                1
   b - Sticks to Snakes               Transmutation                2
   c - Spider Form                    Transmutation/Poison         3
   d - Ice Form                       Ice/Transmutation            4
   e - Blade Hands                    Transmutation                5
Comestibles
 c - a bread ration
 d - a beef jerky


   Skills:
 * Level 8.3 Fighting
 * Level 9.6 Dodging
 - Level 3.0 Unarmed Combat
 - Level 2.4 Spellcasting
 * Level 9.4 Transmutations
 + Level 0.6 Poison Magic


You had 6 spell levels left.
You knew the following spells:

 Your Spells              Type           Power        Failure   Level  Hunger
a - Beastly Appendage     Trmt           ####..       3%          1    #......
b - Spider Form           Trmt/Pois      ###.......   24%         3    ###....


Dungeon Overview and Level Annotations

Branches:
Dungeon (1/1)

Altars:
Cheibriados
Dithmenos
Elyvilon
Fedhas
Gozag
Kikubaaqudgha
Makhleb
Nemelex Xobeh
Okawaru
Pakellas
Qazlal
Ru
Sif Muna
Trog
Vehumet
Xom
Yredelemnul
Zin
The Shining One
Jiyva

Shops:
D [

Annotations:
D Sonja


Innate Abilities, Weirdness & Mutations

((You can breathe bolts of dispelling energy.))
((Your rich purple scales are hard (AC +6).))
Your body does not fit into most forms of armour.
((You are cold-blooded and may be slowed by cold attacks.))


Message History

Sonja unwields an uncursed dagger of distortion.
Its appearance distorts for a moment.
Sonja wields a blowgun.
Sonja shoots a curare-tipped needle.
The curare-tipped needle closely misses you.
Sonja shoots a curare-tipped needle.
The curare-tipped needle misses you.
There is an open door here.
Sonja zaps a wand.
The bolt of lightning misses you.
Sonja unwields an uncursed blowgun.
Sonja wields an uncursed dagger of distortion.
Its appearance distorts for a moment.
Sonja hits you with an uncursed dagger of distortion.
Space warps horribly around you! Sonja completely misses you. x2
You miss Sonja. Sonja misses you. Sonja closely misses you. Sonja misses you.
The flow of time bends around you.
Sonja resists with some effort.
You feel slightly more hungry. Sonja completely misses you.
Sonja barely misses you.
Sonja hits you with an uncursed dagger of distortion.
* * * LOW HITPOINT WARNING * * *
Space warps horribly around you!
You die...

#..'[.#..').#..'^.+
#..#####'#####'#__# ##
#..## #..#...#.####§(#
#..#__####..##[#≈§§§c#
#..#_.___##'#..+§§≈.§
#⌠⌠#_.∩..÷'.(._#≈≈§§c#
####_..._##_.#+##+##
#_____ ##'# ###### #s#


+$K$+ #$.$# ##.## #+# You could see Sonja.

Vanquished Creatures
  A slime creature (D)
  Sigmund (D)
  A yak (D)
  An ogre (D)
  A jelly (D)
  Ijyb (D)
6 creatures vanquished.

Notes
Turn   | Place    | Note
--------------------------------------------------------------
     0 | D        | Neosonic97 the Draconian Transmuter began the quest for the Orb.
     0 | D        | Reached XP level 1. HP: 16/16 MP: 3/3
     2 | D        | Noticed Ijyb
    21 | D        | Killed Ijyb
    21 | D        | Reached XP level 2. HP: 11/26 MP: 3/5
   306 | D        | Noticed an ogre
   315 | D        | Killed an ogre
   315 | D        | Reached skill level 5 in Fighting
   315 | D        | Reached skill level 5 in Dodging
   315 | D        | Reached skill level 5 in Transmutations
   315 | D        | Reached XP level 3. HP: 30/36 MP: 4/6
   315 | D        | Reached XP level 4. HP: 35/42 MP: 4/7
   325 | D        | Learned a level 3 spell: Spider Form
   335 | D        | Noticed Sigmund
   349 | D        | Killed Sigmund
   349 | D        | Reached XP level 5. HP: 27/51 MP: 5/8
   349 | D        | Reached XP level 6. HP: 31/58 MP: 5/9
   489 | D        | Found a snail-covered altar of Cheibriados.
   489 | D        | Found a viscous altar of Jiyva.
   489 | D        | Found a shadowy altar of Dithmenos.
   489 | D        | Found a blossoming altar of Fedhas.
   489 | D        | Noticed a slime creature
   506 | D        | Killed a slime creature
   508 | D        | Became a worshipper of Cheibriados the Contemplative
   691 | D        | Found a deep blue altar of Sif Muna.
   693 | D        | Found a radiant altar of Vehumet.
   706 | D        | Noticed a centaur warrior
   706 | D        | Noticed a centaur warrior
   712 | D        | Found Nagedeho's Antique Armour Emporium.
   712 | D        | Found a white marble altar of Elyvilon.
   712 | D        | Found a stormy altar of Qazlal.
   712 | D        | Found a burning altar of Makhleb.
   712 | D        | Found a sacrificial altar of Ru.
   712 | D        | Found an oddly glowing altar of Pakellas.
   712 | D        | Found a basalt altar of Yredelemnul.
   712 | D        | Found a glowing golden altar of the Shining One.
   712 | D        | Found a sparkling altar of Nemelex Xobeh.
   712 | D        | Found a shimmering altar of Xom.
   712 | D        | Found an opulent altar of Gozag.
   712 | D        | Found an ancient bone altar of Kikubaaqudgha.
   712 | D        | Found a glowing silver altar of Zin.
   712 | D        | Noticed a yak
   713 | D        | Found an iron altar of Okawaru.
   715 | D        | HP: 3/61 [yak (18)]
   724 | D        | Killed a yak
   724 | D        | Your scales start taking on a rich purple colour.
   724 | D        | Reached XP level 7. HP: 9/69 MP: 6/10
  1007 | D        | Found a bloodstained altar of Trog.
  1028 | D        | Noticed Sonja
  1033 | D        | Slain by Sonja

Skill      XL: |  1  2  3  4  5  6 |
---------------+-------------------+-----
Fighting       | 3 5 6 8 |  8.3
Dodging        | 3 5 7 9 |  9.6
Transmutations | 3 5 7 9 |  9.4
Unarmed Combat | |  3.0
Spellcasting   | |  2.4
Poison Magic   | |  0.6

Action                   |  1- 3 |  4- 6 |  7- 9 || total
-------------------------+-------+-------+-------++-------
Melee: Unarmed           |    24 |    40 |     1 ||    65
       Tailslap          |     4 |     1 |       ||     5
       Headbutt          |     4 |       |       ||     4
       Punch             |     1 |       |       ||     1
 Cast: Beastly Appendage |     3 |       |       ||     3
       Spider Form       |       |     4 |     1 ||     5
Invok: Bend Time         |       |       |     1 ||     1
  Use: Potion            |       |     2 |       ||     2
 Stab: Sleeping          |       |     1 |       ||     1
Armor: Skin              |     6 |       |       ||     6
Dodge: Dodged            |    10 |    28 |    10 ||    48
